 Dungeon Crawl Stone Soup version 0.27.0-1-g7a089689b8 (webtiles) character file.

Game seed: 12041020663233516011

6285 PentaManta the Grappler (level 10, -22/91 HPs)
             Began as a Ghoul Monk on Aug 15, 2021.
             Was an Elder of Nemelex Xobeh.
             Annihilated by a two-headed ogre (24 damage)
             ... on level 10 of the Dungeon.
             The game lasted 00:22:23 (11538 turns).

PentaManta the Grappler (Ghoul Monk)               Turns: 11538, Time: 00:22:27

Health: -22/91     AC: 18    Str: 25    XL:     10   Next: 94%
Magic:  9/9        EV: 11    Int:  5    God:    Nemelex Xobeh [****..]
Gold:   669        SH:  0    Dex: 11    Spells: 9/9 levels left

rFire    . . .     SeeInvis +     - Unarmed
rCold    + . .     Faith    .   (no shield)
rNeg     + + +     Spirit   .   Q - +3 scale mail
rPois    ∞         Reflect  .   v - +0 helmet
rElec    .         Harm     .   Y - +1 cloak
rCorr    .         Rampage  .   (no gloves)
Will     .....                  V - +2 pair of boots
Stlth    ..........             (no amulet)
HPRegen  0.00/turn              q - ring of see invisible
MPRegen  0.11/turn              s - +6 ring of strength

@: inhibited regen
A: claws 1, cold resistance 1, negative energy resistance 3, inhibited
regeneration, torment resistance 2
a: Renounce Religion, Draw Escape, Draw Destruction, Draw Summoning, Triple
Draw, Deal Four


You were on level 10 of the Dungeon.
You worshipped Nemelex Xobeh.
Nemelex Xobeh was greatly pleased with you.
You visited 2 branches of the dungeon, and saw 11 of its levels.

You collected 669 gold pieces.

Inventory:

Hand Weapons
 p - a +2 short sword of venom
 I - the +8 falchion "Ycerph" {freeze, rElec Will+ Str+9}
   (You took it off a gnoll on level 8 of the Dungeon)

   It freezes those it strikes, dealing additional cold damage.
   It can also slow down cold-blooded creatures.
   Str:       It affects your strength (+9).
   rElec:     It insulates you from electricity.
   Will:      It increases your willpower.
Missiles
 f - 10 boomerangs (quivered)
 k - 53 poisoned darts
 O - a throwing net
 U - a curare-tipped dart
Armour
 v - a +0 helmet (worn)
 y - a +0 pair of gloves
 A - the +1 ring mail "Yrio" {rF++ Str-4}
   (You found it on level 5 of the Dungeon)

   Str:       It affects your strength (-4).
   rF:        It greatly protects you from fire.
 E - the +0 cloak of Servitude {+Blink rN++ Str-5}
   (You found it on level 7 of the Dungeon)

   Str:       It affects your strength (-5).
   rN:        It greatly protects you from negative energy.
   +Blink:    It lets you blink.
 J - a +0 plate armour
 P - a +0 buckler
 Q - a +3 scale mail (worn)
 S - a +0 tower shield
 V - a +2 pair of boots (worn)
 Y - a +1 cloak (worn)
Jewellery
 q - a ring of see invisible (left claw)
 s - a +6 ring of strength (right claw)
 G - a ring of flight
 M - a +4 ring of evasion
 X - the ring "Leosoq" {rF+ rC+}
   (You found it on level 6 of the Dungeon)

   [ring of protection from fire]

   rF:        It protects you from fire.
   rC:        It protects you from cold.
Wands
 a - a wand of digging (13)
 u - a wand of acid (9)
 w - a wand of flame (22)
 C - a wand of paralysis (8)
 R - a wand of iceblast (18)
Scrolls
 c - 6 scrolls of identify {unknown}
 e - 3 scrolls of fog {unknown}
 h - 4 scrolls of teleportation {unknown}
 i - a scroll of acquirement {unknown}
 j - 3 scrolls of noise {unknown}
 l - 2 scrolls of enchant armour {unknown}
 n - 2 scrolls of amnesia {unknown}
 r - a scroll of immolation {unknown}
 t - a scroll of magic mapping {unknown}
 B - a scroll of blinking {unknown}
 F - a scroll of silence {unknown}
 N - a scroll of fear {unknown}
 W - a scroll of enchant weapon {unknown}
Potions
 b - 3 potions of degeneration {unknown}
 d - 3 potions of haste {unknown}
 g - a potion of curing {unknown}
 m - a potion of mutation {unknown}
 o - 3 potions of flight {unknown}
 x - 2 potions of might {unknown}
 z - a potion of lignification {unknown}
 D - a potion of heal wounds {unknown}
 H - 2 potions of brilliance {unknown}
 K - a potion of attraction {unknown}
 L - a potion of magic {unknown}
 T - a potion of ambrosia {unknown}
 Z - a potion of resistance {unknown}


   Skills:
 * Level 9.6 Fighting
 * Level 7.5 Armour
 - Level 2.6 Dodging
 - Level 2.1 Stealth
 + Level 12.4 Unarmed Combat


You had 9 spell levels left.
You didn't know any spells.
Your spell library contained the following spells:

 Spells                   Type           Power      Damage    Failure   Level
 Corona                   Hex            0%         N/A       75%         1
 Ensorcelled Hibernation  Hex/Ice        0%         N/A       86%         2
 Call Canine Familiar     Summ           0%         N/A       98%         3
 Gell's Gravitas          Tloc           0%         N/A       98%         3
 Lesser Beckoning         Tloc           0%         N/A       98%         3
 Portal Projectile        Hex/Tloc       0%         N/A       98%         3
 Teleport Other           Tloc           0%         N/A       98%         3
 Tukima's Dance           Hex            0%         N/A       98%         3
 Leda's Liquefaction      Hex/Erth       0%         N/A       100%        4


Dungeon Overview and Level Annotations

Branches:
Dungeon (10/15)            Temple (1/1) D:6            Lair (0/6) D:9
    Orc: D:9-12

Altars:
Ashenzari
Dithmenos
Elyvilon
Gozag
Hepliaklqana
Kikubaaqudgha
Makhleb
Nemelex Xobeh
Okawaru
Sif Muna
Trog
Wu Jian
Xom
Yredelemnul
Zin
The Shining One

Shops:
D:2 *

Annotations:
D:3 3 runed translucent doors, fram's ghost, weakling DDFi


Innate Abilities, Weirdness & Mutations

You thrive by killing the living.
You are immune to poison.
You have sharp fingernails.
Your flesh is cold resistant. (rC+)
You are immune to negative energy. (rN+++)
You do not regenerate when monsters are visible.
You are immune to unholy pain and torment.


Message History

The centaur kicks you but does no damage.
You mangle the centaur!!
You kill the centaur!
You feel better.
No target in view!
No target in view!
No target in view!
No target in view!
Things that are here:
a +0 shortbow; 19 arrows; a centaur corpse
Found a shadowy altar of Dithmenos.
e - 3 scrolls labelled KELIXU TOLIOBA (gained 1)
Z - a glowing grey potion A two-headed ogre comes into view.
It is wielding a +0 giant club and a +0 giant spiked club.
The two-headed ogre shouts in stereo!
The two-headed ogre hits you with a +0 giant club!!
The two-headed ogre misses you.
You scratch the two-headed ogre but do no damage.
The two-headed ogre hits you with a +0 giant club!
The two-headed ogre barely misses you.
You mangle the two-headed ogre!!
The two-headed ogre is moderately wounded.
You claw the two-headed ogre!
The two-headed ogre is severely wounded.
The two-headed ogre hits you with a +0 giant club!!
The two-headed ogre hits you but does no damage.
You claw the two-headed ogre!
The two-headed ogre is severely wounded.
You barely miss the two-headed ogre.
The two-headed ogre is severely wounded.
The two-headed ogre hits you with a +0 giant club.
The two-headed ogre hits you with a +0 giant spiked club!
* * * LOW HITPOINT WARNING * * *
You claw the two-headed ogre!
The two-headed ogre is almost dead.
The two-headed ogre hits you with a +0 giant club!!
* * * LOW HITPOINT WARNING * * *
The two-headed ogre hits you with a +0 giant spiked club!!
You die...
Your body disappears without a glow.

......# #..# .#
......####..#####..#
...................#
...................#
#####........####..#
#........# ..#
#........# ..#
#####........####..####.
................@O......
>.......................
..# ##..################
..# #..# ..# #..# ..#
#..# ..####..######
..............
..............


You could see a two-headed ogre.

Vanquished Creatures
  A two-headed ogre (D:9)
  A cyclops (D:10)
  Maurice (D:9)
  A shadow (D:9)
  A vampire (D:9)
  A wyvern (D:9)
  2 steam dragons
  Menkaure (D:4)
  An acid dragon (D:8)
  2 orc warriors
  A water moccasin (D:7)
  A sky beast (D:8)
  A tengu (D:5)
  3 centaurs
  2 kobold brigands (D:9)
  9 bullfrogs
  Blork the orc (D:4)
  2 gnoll sergeants
  4 scorpions
  A water moccasin zombie (D:5)
  A water moccasin skeleton (D:6)
  5 killer bees (D:9)
  12 wights
  2 centaur zombies
  2 gnoll shamans
  A jelly (D:5)
  4 hounds
  A bullfrog skeleton (D:4)
  3 iguanas
  4 orc priests
  2 centaur skeletons (D:5)
  Ijyb (D:4)
  13 orc wizards
  Natasha (thrice) (D:2)
  A killer bee zombie (D:5)
  A hound zombie (D:5)
  19 gnolls
  4 adders
  A white imp (D:8)
  2 ufetubi
  An adder skeleton (D:5)
  A worm (D:5)
  2 dart slugs
  29 orcs
  4 ball pythons
  4 bats
  5 endoplasms
  3 giant cockroaches
  4 hobgoblins
  4 jackals (D:5)
  16 kobolds
  6 quokkas
  2 frilled lizards (D:3)
  4 goblins
  5 rats
209 creatures vanquished.

Vanquished Creatures (collateral kills)
  A black bear (D:4)
1 creature vanquished.

Vanquished Creatures (others)
  2 plants (D:3)
2 creatures vanquished.

Grand Total: 212 creatures vanquished

Notes
Turn   | Place    | Note
-------+----------+-------------------------------------------
     0 | D:1      | PentaManta the Ghoul Monk began the quest for the Orb.
     0 | D:1      | Reached XP level 1. HP: 19/19 MP: 0/0
   262 | D:1      | Reached XP level 2. HP: 26/26 MP: 1/1
   265 | D:1      | Reached skill level 4 in Unarmed Combat
   792 | D:1      | Found a faded altar of an unknown god.
   958 | D:2      | Found Kuywil's General Store.
   964 | D:2      | Reached XP level 3. HP: 27/31 MP: 2/2
  1111 | D:2      | Reached skill level 5 in Unarmed Combat
  1240 | D:2      | Noticed Natasha
  1253 | D:2      | Killed Natasha
  1254 | D:2      | Reached XP level 4. HP: 23/38 MP: 3/3
  1261 | D:2      | Noticed Natasha
  1269 | D:2      | Killed Natasha
  1676 | D:2      | Noticed Natasha
  1692 | D:2      | Killed Natasha
  1693 | D:2      | Reached skill level 6 in Unarmed Combat
  1693 | D:2      | Reached XP level 5. HP: 45/45 MP: 4/4
  1954 | D:3      | Found a shimmering altar of Xom.
  1966 | D:3      | Found an ornate altar of the Wu Jian Council.
  2203 | D:3      | Noticed an angel
  2267 | D:3      | Found an ancient bone altar of Kikubaaqudgha.
  2384 | D:3      | Found a hazy altar of Hepliaklqana.
  2532 | D:3      | Found a runed translucent gate.
  2533 | D:3      | Found a runed translucent gate.
  2533 | D:3      | Found a runed translucent gate.
  2533 | D:3      | Noticed fram's ghost (weakling DDFi)
  2535 | D:3      | Noticed a kobold brigand
  2575 | D:4      | Reached skill level 7 in Unarmed Combat
  2628 | D:4      | Reached XP level 6. HP: 43/51 MP: 5/5
  2903 | D:4      | Noticed Menkaure
  2912 | D:4      | Killed Menkaure
  2913 | D:4      | Reached skill level 8 in Unarmed Combat
  2913 | D:4      | Reached XP level 7. HP: 36/57 MP: 6/6
  3079 | D:4      | Found a basalt altar of Yredelemnul.
  3079 | D:4      | Noticed Ijyb
  3085 | D:4      | Killed Ijyb
  3357 | D:4      | Noticed Blork the orc
  3365 | D:4      | Reached skill level 9 in Unarmed Combat
  3372 | D:4      | Killed Blork the orc
  3609 | D:4      | Found an opulent altar of Gozag.
  3609 | D:4      | Found a sparkling altar of Nemelex Xobeh.
  3615 | D:4      | Became a worshipper of Nemelex Xobeh the Trickster
  3615 | D:4      | Reached * piety under Nemelex Xobeh
  3615 | D:4      | Received a gift from Nemelex Xobeh
  3615 | D:4      | Reached ** piety under Nemelex Xobeh
  3637 | D:5      | Entered Level 5 of the Dungeon
  3708 | D:4      | Reached skill level 10 in Unarmed Combat
  3708 | D:4      | Reached XP level 8. HP: 17/63 MP: 7/7
  4029 | D:5      | You fall into a shaft and drop 3 floors!
  4426 | D:10     | Entered Level 10 of the Dungeon
  4426 | D:10     | Noticed a hornet
  4499 | D:9      | Noticed a two-headed ogre
  4719 | D:6      | Found a staircase to the Ecumenical Temple.
  4720 | D:6      | Identified the ring "Leosoq" {rF+ rC+}
  4731 | Temple   | Entered the Ecumenical Temple
  4744 | D:6      | Reached skill level 11 in Unarmed Combat
  5099 | D:6      | Reached skill level 1 in Armour
  5604 | D:6      | Reached *** piety under Nemelex Xobeh
  5669 | D:5      | Found a bloodstained altar of Trog.
  5713 | D:5      | Received a gift from Nemelex Xobeh
  5868 | D:5      | Reached XP level 9. HP: 61/73 MP: 8/8
  5870 | D:5      | Identified the +1 ring mail "Yrio" {rF++ Str-4}
  5929 | D:5      | Reached skill level 5 in Fighting
  5948 | D:5      | Identified the +1 robe of Nohemmug {Str+5}
  5961 | D:5      | Noticed a hornet
  5969 | D:5      | a hornet changed into a tengu
  6739 | D:7      | Paralysed by an orc for 6 turns
  7457 | D:7      | Identified the +0 cloak of Servitude {+Blink rN++ Str-5}
  7696 | D:7      | Found a shimmering blue altar of Sif Muna.
  7903 | D:7      | Received a gift from Nemelex Xobeh
  7916 | D:7      | Found an iron altar of Okawaru.
  8162 | D:8      | Reached **** piety under Nemelex Xobeh
  8394 | D:8      | Identified the +8 falchion "Ycerph" {freeze, rElec Will+
                  | Str+9}
  8512 | D:8      | Reached skill level 5 in Armour
  8779 | D:8      | Reached XP level 10. HP: 32/86 MP: 9/9
  9357 | D:9      | Killed a two-headed ogre
  9358 | D:9      | Reached skill level 12 in Unarmed Combat
  9691 | D:9      | Found a staircase to the Lair.
 10770 | D:9      | Noticed Maurice
 10781 | D:9      | Killed Maurice
 11177 | D:10     | Noticed a cyclops
 11320 | D:10     | Killed a cyclops
 11492 | D:10     | Found a shadowy altar of Dithmenos.
 11529 | D:10     | Noticed a two-headed ogre
 11538 | D:10     | HP: 2/91 [two-headed ogre (18)]
 11538 | D:10     | Annihilated by a two-headed ogre

Illustrated notes

Levels and vault maps discovered:
D:1:      heliophobic_arrival_battle_scene, layout_basic,
          hellmonk_ecumenical_altar_run_dry
D:2:      layout_basic, serial_shops, shop, uniq_natasha
D:3:      layout_basic, grunt_temple_overflow_order_and_chaos_1,
          kiku_gazebo_pond_becter, nicolae_wu_jian_wuxing_cycle,
          nzn_hepliaklqana_mist_gate, gammafunk_ghost_nasty_kobolds
D:4:      layout_rooms, grunt_temple_overflow_opulence,
          yredelemnul_altar_generic, uniq_blork_the_orc, uniq_menkaure,
          uniq_ijyb
D:5:      layout_cave_pools, trog_butcher_becter, hangedman_minor_gate_pass
D:6:      layout_gridville, tso_metal_star, minmay_temple_entry_ruins
D:7:      layout_cave_pools, kennysheep_mini_moat, led_sif_book
D:8:      layout_cave_pods
D:9:      layout_roguey, lair_entry_dummy, uniq_maurice
D:10:     layout_small_grid, lemuel_crystal_altar, serial_shops,
          kennysheep_little_box
Temple:   dpeg_three_leaves_temple

Skill      XL: |  1  2  3  4  5  6  7  8  9 10 |
---------------+-------------------------------+-----
Unarmed Combat | 4 5 6 7 8 10 11 12 | 12.4
Armour         | 2 5 7 |  7.5
Fighting       | 4 7 9 |  9.6
Dodging        | |  2.6
Stealth        | |  2.1

Action                   |  1- 3 |  4- 6 |  7- 9 | 10-12 || total
-------------------------+-------+-------+-------+-------++-------
Melee: Unarmed           |    67 |    86 |   322 |   188 ||   663
       Punch             |       |     3 |    11 |    10 ||    24
Throw: Boomerang         |       |       |    20 |     8 ||    28
Invok: Draw Summoning    |       |       |     1 |       ||     1
       Draw Destruction  |       |       |     5 |       ||     5
 Stab: Sleeping          |     3 |       |       |       ||     3
Armor: Robe              |     7 |       |       |       ||     7
       Chain mail        |    22 |    41 |   140 |    67 ||   270
       Scale mail        |       |       |    26 |    49 ||    75
Dodge: Dodged            |    34 |    18 |   145 |   113 ||   310
